Map: Distant Plane

Players

Hindulaatti

  • Race: Terran Terran
  • League: Diamond

JohnMcClane

  • Race: Protoss Protoss
  • League: Gold

SilentFart

  • Race: Terran Terran

Erle

  • Race: Protoss Protoss

VOD

Have the link to the VOD?

Description

Time

  • Played on: Feb. 10, 2016, 12:04 p.m.
  • Length: 11:52
Show
View Real Time Build Order
Export as new Build Order

Hindulaatti Terran 

Build Orders: Command Center First (CC), Liberator Opening, MMM Bio 

Get SALT Encoding   

  12  0:01  SCV  
  13  0:13  SCV  
  14  0:21  Supply Depot  
  14  0:26  SCV  
  15  0:43  SCV  
  16  0:55  SCV  
  17  1:04  Command Center  
  17  1:08  SCV  
  18  1:19  Engineering Bay  
  18  1:21  SCV  
  18  1:22  Barracks  
  19  1:27  Refinery  
  19  1:33  SCV  
  20  1:40  Supply Depot  
  20  1:45  SCV  
  21  1:52  Refinery  
  21  1:57  SCV  
  22  2:09  Marine  
  22  2:11  Orbital Command  
  23  2:29  Engineering Bay  
  23  2:31  Marine  
  23  2:33  Factory  
  23  2:35  SCV  
  25  2:38  SCV  
  26  2:50  SCV, Barracks Reactor  
  26  2:59  Planetary Fortress  
  26  3:03  SCV  
  27  3:23  Factory Tech Lab  
  27  3:24  Starport  
  27  3:27  Marine  
  27  3:29  Marine, Barracks  
  27  3:31  Barracks  
  27  3:32  SCV  
  30  3:40  SCV  
  31  3:44  SCV  
  32  3:49  Siege Tank  
  35  3:56  Liberator  
  35  3:58  SCV  
  35  3:59  Marine, SCV  
  35  4:00  Marine  
  39  4:16  Refinery, SCV  
  44  4:17  SCV  
  44  4:19  Barracks Tech Lab  
  44  4:25  Supply Depot  
  44  4:28  Barracks Reactor  
  44  4:40  Supply Depot, SCV x2  
  46  4:46  Stimpack  
  44  4:54  Missile Turret  
  43  5:01  Missile Turret  
  43  5:07  SCV  
  43  5:08  SCV  
  45  5:23  Viking  
  45  5:24  Marine x5  
  52  5:31  SCV x2  
  54  5:43  SCV x2  
  54  5:48  Marine x4  
  54  5:49  Marine  
  61  5:55  SCV  
  62  5:59  Refinery  
  62  6:02  Supply Depot  
  62  6:03  Supply Depot  
  62  6:14  Supply Depot x2  
  62  6:16  Terran Infantry Weapons Level 1  
  62  6:20  Starport Reactor  
  62  6:21  Marine x2  
  62  6:24  Marauder, Marine x2, SCV x2  
  67  6:27  Supply Depot  
  67  6:36  SCV  
  67  6:38  Marine x2  
  67  6:39  Cyclone  
  73  6:41  Marine x2  
  73  6:46  Marauder  
  77  6:56  Marine  
  77  6:59  SCV x2  
  77  7:00  Medivac x2  
  77  7:01  Combat Shields, Marine  
  84  7:02  Marine x2  
  84  7:06  Marine  
  88  7:11  Supply Depot  
  88  7:12  Supply Depot  
  88  7:14  Supply Depot, Marine  
  89  7:20  Cyclone  
  92  7:32  Medivac x2  
  92  7:33  SCV x2  
  96  7:46  Missile Turret  
  96  7:50  Marine  
  96  7:51  Marauder, Marine x3  
  101  7:52  Cyclone  
  101  7:55  SCV  
  101  7:56  SCV  
  103  8:08  Marine, SCV x2  
  88  8:35  Viking x2  
  90  8:46  Concussive Shells  
  90  8:47  Starport, Marauder, Marine x2  
  89  8:48  Starport  
  89  8:51  Terran Infantry Armor Level 1, Barracks Reactor  
  89  8:55  SCV x2  
  89  8:58  Command Center  
  89  9:04  Marine  
  89  9:05  Supply Depot, Marine  
  89  9:06  Viking  
  89  9:07  Supply Depot  
  89  9:08  Marine  
  94  9:22  Cyclone  
  94  9:31  Starport Reactor  
  94  9:40  Viking x2  
  92  9:54  Viking x2  
  93  10:10  Viking x2, SCV x3  
  100  10:17  Viking x2  
  104  10:23  Refinery  
  104  10:25  Refinery  
  100  10:29  Viking x2  
  104  10:37  Marine x3  
  104  10:38  Marine x2  
  109  10:55  Marine  
  106  11:02  Viking x2  
  106  11:03  Viking  
  103  11:25  Factory  
  96  11:28  Marine x4  
Show
View Real Time Build Order
Export as new Build Order

JohnMcClane Protoss 

Build Orders:  

Get SALT Encoding   

  12  0:01  Probe (Chrono Boost)  
  13  0:11  Probe (Chrono Boost)  
  14  0:18  Pylon  
  14  0:22  Probe (Chrono Boost)  
  15  0:36  Probe (Chrono Boost)  
  16  0:43  Gateway  
  16  0:46  Probe (Chrono Boost)  
  17  0:52  Assimilator  
  18  0:57  Probe (Chrono Boost)  
  18  1:07  Probe (Chrono Boost)  
  19  1:20  Gateway  
  19  1:23  Probe (Chrono Boost)  
  20  1:33  Cybernetics Core  
  20  1:38  Probe (Chrono Boost)  
  21  1:46  Zealot  
  23  1:50  Pylon  
  23  1:55  Assimilator  
  23  2:02  Pylon  
  23  2:17  Zealot  
  23  2:22  Warp Gate (Chrono Boost)  
  24  2:31  Mothership Core (Chrono Boost)  
  26  2:40  Gateway  
  26  2:42  Gateway  
  27  3:05  Probe  
  27  3:14  Robotics Facility  
  27  3:17  Probe  
  28  3:26  Pylon  
  28  3:44  Pylon  
  28  3:46  Gateway  
  28  4:02  Warp Prism (Chrono Boost)  
  30  4:16  Adept x3  
  36  4:17  Adept  
  38  4:55  Pylon  
  31  5:27  Stalker, Nexus  
  31  5:28  Stalker x4  
  32  5:29  Pylon  
  25  5:37  Probe (Chrono Boost)  
  26  5:47  Probe (Chrono Boost)  
  26  5:48  Forge  
  27  5:58  Probe (Chrono Boost)  
  27  5:59  Observer (Chrono Boost)  
  29  6:09  Probe  
  30  6:21  Observer (Chrono Boost)  
  30  6:22  Probe  
  32  6:34  Probe  
  32  6:38  Probe  
  34  6:43  Photon Cannon  
  34  6:46  Probe  
  34  6:47  Observer (Chrono Boost)  
  36  6:48  Probe  
  37  6:58  Probe  
  37  7:00  Probe  
  38  7:08  Observer (Chrono Boost)  
  40  7:10  Probe  
  40  7:11  Probe  
  42  7:21  Protoss Ground Weapons Level 1 (Chrono Boost)  
  42  7:34  Stalker  
  42  7:35  Stalker x2  
  48  7:51  Stalker x2  
  52  8:02  Pylon  
  47  8:39  Nexus  
  47  8:40  Pylon  
  47  8:53  Probe x2  
  47  8:54  Twilight Council  
  49  9:05  Protoss Ground Armor Level 1 (Chrono Boost)  
  49  9:10  Probe x2  
  49  9:11  Observer  
  52  9:22  Blink (Chrono Boost), Probe  
  52  9:51  Stalker x3  
  58  9:56  Probe x2  
  60  10:11  Probe x2  
  60  10:13  Stalker x2  
  65  10:15  Assimilator  
  65  10:18  Assimilator  
  65  10:29  Stalker  
  67  10:36  Probe  
  67  10:38  Probe x2  
  70  10:42  Assimilator  
  70  10:49  Stalker x2  
  74  11:27  Stalker x5  
Show
View Real Time Build Order
Export as new Build Order

SilentFart Terran 

Build Orders: Liberator Opening 

Get SALT Encoding   

  12  0:01  SCV  
  13  0:13  SCV  
  14  0:25  SCV  
  14  0:27  Supply Depot  
  15  0:30  Refinery  
  15  0:40  Refinery  
  15  0:48  SCV  
  16  0:53  Barracks  
  16  1:01  SCV  
  17  1:13  SCV  
  18  1:25  SCV  
  19  1:34  Supply Depot  
  19  1:37  SCV  
  21  1:47  Reaper  
  21  1:55  Factory  
  21  1:58  Orbital Command  
  21  2:23  SCV  
  22  2:34  Marine  
  23  2:43  Factory Reactor  
  23  2:45  Starport  
  23  2:54  Bunker  
  23  2:59  SCV  
  23  3:00  Marine  
  25  3:07  Supply Depot  
  25  3:11  SCV  
  26  3:23  Liberator x2  
  26  3:27  SCV  
  30  3:38  Widow Mine  
  35  3:45  Command Center  
  35  3:58  SCV  
  36  4:03  Supply Depot, Engineering Bay  
  36  4:07  Liberator  
  36  4:08  Liberator  
  36  4:10  SCV  
  36  4:15  Factory Tech Lab  
  37  4:31  Missile Turret  
  37  5:46  SCV  
  37  5:48  Orbital Command  
  41  5:50  Siege Tank  
  41  5:52  Viking x2  
  45  6:00  Starport  
  45  6:01  Starport  
  45  6:06  Command Center  
  45  6:11  Orbital Command  
  45  6:12  SCV  
  45  6:15  Factory  
  46  6:22  Viking  
  48  6:28  Marine  
  49  6:38  SCV  
  49  6:39  SCV  
  51  6:48  Starport Reactor x2  
  51  6:50  Siege Tank  
  51  6:51  SCV x2  
  56  6:58  Missile Turret  
  56  7:03  SCV x2  
  56  7:05  Liberator  
  58  7:15  SCV x2  
  60  7:21  Viking  
  65  7:26  Refinery  
  65  7:27  Orbital Command, Refinery, SCV  
  65  7:28  SCV  
  67  7:36  Missile Turret  
  67  7:48  SCV  
  68  7:55  Missile Turret  
  68  8:07  Viking x3  
  68  8:08  Viking  
  68  8:09  SCV  
  68  8:12  SCV  
  74  8:18  Liberator  
  68  8:39  Liberator  
  71  8:57  SCV x2  
  76  9:31  Liberator x2  
  74  9:32  SCV x2  
  74  9:36  Command Center  
  76  9:39  Command Center  
  76  9:40  Command Center  
  76  9:44  Supply Depot  
  76  9:45  Supply Depot  
  76  9:50  Supply Depot  
  82  9:53  Fusion Core  
  82  9:54  Factory Tech Lab  
  82  9:58  Starport  
  82  10:00  SCV  
  82  10:01  SCV  
  84  10:07  Liberator x2  
  84  10:25  SCV  
  84  10:26  SCV  
  92  10:36  Siege Tank, Factory Tech Lab  
  95  10:48  Viking x3  
  99  11:06  Orbital Command x2  
  92  11:29  Refinery  
Show
View Real Time Build Order
Export as new Build Order

Erle Protoss 

Build Orders: Nexus First 

Get SALT Encoding   

  12  0:01  Probe (Chrono Boost)  
  13  0:12  Probe (Chrono Boost)  
  14  0:21  Pylon  
  14  0:22  Probe (Chrono Boost)  
  15  0:40  Probe (Chrono Boost)  
  16  0:50  Probe (Chrono Boost)  
  17  1:03  Nexus  
  17  1:07  Probe (Chrono Boost)  
  18  1:17  Probe (Chrono Boost)  
  19  1:31  Pylon, Probe (Chrono Boost)  
  20  1:36  Gateway  
  20  1:41  Probe (Chrono Boost)  
  20  1:42  Assimilator  
  21  1:47  Assimilator  
  21  1:52  Probe (Chrono Boost)  
  22  2:02  Probe (Chrono Boost)  
  23  2:13  Probe (Chrono Boost)  
  24  2:20  Probe (Chrono Boost)  
  25  2:24  Cybernetics Core  
  25  2:28  Probe (Chrono Boost)  
  26  2:30  Probe (Chrono Boost)  
  27  2:39  Gateway, Probe (Chrono Boost)  
  27  2:41  Probe (Chrono Boost)  
  29  2:49  Probe (Chrono Boost)  
  30  2:51  Probe (Chrono Boost)  
  30  2:52  Assimilator  
  30  2:54  Pylon  
  30  2:56  Assimilator  
  31  2:59  Pylon  
  31  3:00  Probe (Chrono Boost)  
  31  3:02  Probe (Chrono Boost)  
  33  3:11  Mothership Core (Chrono Boost)  
  36  3:13  Probe (Chrono Boost)  
  36  3:23  Probe (Chrono Boost)  
  37  3:28  Stargate  
  37  3:29  Probe (Chrono Boost)  
  37  3:30  Stargate  
  37  3:34  Probe (Chrono Boost)  
  39  3:39  Probe (Chrono Boost)  
  40  3:44  Probe (Chrono Boost)  
  41  3:50  Probe (Chrono Boost)  
  41  3:55  Probe (Chrono Boost)  
  43  4:00  Forge, Probe (Chrono Boost)  
  44  4:03  Pylon  
  44  4:08  Probe (Chrono Boost)  
  45  4:11  Probe (Chrono Boost)  
  45  4:12  Phoenix (Chrono Boost)  
  45  4:13  Phoenix (Chrono Boost)  
  45  4:16  Protoss Air Weapons Level 1  
  50  4:21  Probe  
  51  4:25  Probe  
  52  4:31  Pylon  
  52  4:35  Pylon  
  52  4:36  Photon Cannon  
  54  4:38  Phoenix (Chrono Boost)  
  54  4:44  Phoenix (Chrono Boost)  
  56  4:50  Photon Cannon  
  43  5:34  Probe x2  
  45  5:46  Probe x2  
  45  5:48  Phoenix (Chrono Boost)  
  45  5:49  Phoenix (Chrono Boost)  
  51  5:58  Probe  
  51  5:59  Probe  
  51  6:03  Nexus  
  53  6:06  Pylon  
  53  6:10  Pylon, Probe  
  53  6:11  Assimilator, Probe  
  55  6:15  Assimilator  
  55  6:16  Fleet Beacon  
  55  6:23  Probe x2  
  57  6:32  Phoenix x2 (Chrono Boost)  
  61  6:37  Probe x2  
  63  6:49  Probe x2  
  65  6:59  Stargate  
  65  7:00  Anion Pulse-Crystals  
  65  7:01  Stargate  
  65  7:04  Tempest (Chrono Boost)  
  73  7:15  Tempest (Chrono Boost)  
  73  7:16  Probe  
  73  7:18  Probe x2  
  76  7:26  Protoss Air Weapons Level 2 (Chrono Boost)  
  76  7:32  Probe  
  76  7:33  Probe x2  
  83  7:44  Tempest (Chrono Boost)  
  87  7:52  Probe x3  
  87  7:57  Tempest (Chrono Boost)  
  90  8:03  Probe  
  90  8:04  Probe x2  
  93  8:06  Photon Cannon  
  93  8:25  Tempest (Chrono Boost)  
  93  8:26  Tempest (Chrono Boost)  
  91  8:48  Probe  
  91  8:49  Probe x2  
  91  8:53  Assimilator  
  91  8:54  Tempest (Chrono Boost)  
  98  8:58  Probe  
  98  9:01  Probe x2  
  101  9:07  Pylon  
  101  9:11  Pylon  
  101  9:20  Tempest  
  101  9:25  Probe x2  
  101  9:26  Mothership Core  
  101  9:29  Tempest  
  101  9:30  Tempest  
  117  9:38  Pylon x2  
  117  9:40  Pylon  
  117  9:42  Pylon  
  117  9:45  Pylon  
  117  9:47  Pylon  
  117  9:50  Tempest  
  117  9:56  Probe x3  
  130  10:13  Tempest  
  134  10:28  Tempest  
  134  10:34  Tempest  
  142  10:44  Tempest  
  146  11:04  Tempest  
Tags
 
Add a new tag
Caveats
  • Supply blocks, unpowered buildings, or Contaminate may cause inaccurate times.
  • Supply counts are checked every 10 seconds.